Falcons vs Rivermen

Created - Saturday, December 06, 2014 at 00:32

Goals
1 2 3 T
Falcons 0 5 0 5
Rivermen 2 2 2 6
Shots
1 2 3 T
Falcons 6 11 6 23
Rivermen 8 11 14 33

1st period

1. Rivermen , Ryan Ellis 8 (Ryan Reaves) at 0:10
2. Rivermen , Chris Brown 3 (Evan Rankin, Zack Phillips) at 7:08

Penalties :
No Penalty

2nd period

3. Rivermen , Brian O'Neill 4 (Joakim Nordstrom, Joe Whitney) at 1:58 (PP)
4. Falcons , Matt Ellis 13 (Tyson Strachan) at 2:57
5. Falcons , Tyson Strachan 5 (Chris Thorburn, Jordan Weal) at 7:23 (PP)
6. Falcons , Austin Watson 5 (Mitch Callahan, Quinton Howden) at 7:41 (PP)
7. Rivermen , Ryan Ellis 9 (Joe Whitney, Brian O'Neill) at 10:20
8. Falcons , Matt Ellis 14 (Jeff Hoggan) at 12:13
9. Falcons , Chris Thorburn 7 (Jordan Weal) at 12:27 (PP)

Penalties :
Ryan Reaves (Peo) for Fighting (Major) at 0:09, Chris Thorburn (SPR) for Fighting (Major) at 0:09, Adam Pardy (SPR) for High sticking (Minor) at 1:17, Quinton Howden (SPR) for Tripping (Minor) at 4:08, Evan Rankin (Peo) for Boarding (Double Minor) at 6:40, Chris Brown (Peo) for Fighting (Major) at 8:32, Brian Dumoulin (SPR) for Fighting (Major) at 8:32, Cody Goloubef (Peo) for Interference (Minor) at 12:20

3rd period

10. Rivermen , Ryan Reaves 8 (Anton Belov, J.T. Brown) at 9:13
11. Rivermen , Joakim Nordstrom 4 (Ryan Sproul) at 12:23

Penalties :
No Penalty

Goalie Stats

Troy Grosenick (SPR), 27 saves from 33 shots - (0.818), L, 11-15-1, 59:14 minutes
Tyler Bunz (Peo), 18 saves from 23 shots - (0.783), W, 6-20-1, 60:00 minutes

Players Stats for Falcons

Player Name              G  A  P  +/- PIM S  H  SB GA TA FO     MP     PP MP  PK MP  
------------------------------------------------------------------------------------
Adam Pardy               0  0  0  -1  2   0  1  0  0  0  0/0    25:40   1:08   1:12 
Austin Watson            1  0  1  -2  0   4  3  0  4  0  9/12   21:03   0:52   0:06 
Brian Connelly           0  0  0  -1  0   2  0  0  0  2  0/0    23:00   0:07   0:47 
Brian Dumoulin           0  0  0   0  5   1  1  3  0  0  0/0    24:19   0:00   1:53 
Cal O'Reilly             0  0  0   0  0   0  1  1  0  0  2/4    15:07   0:00   0:00 
Chris Thorburn           1  1  2  -3  5   1  0  0  1  1  1/1    14:29   0:16   0:37 
Drew Shore               0  0  0   0  0   0  0  0  0  0  0/0     0:00   0:00   0:00 
Jeff Hoggan              0  1  1   2  0   1  2  1  0  1  2/2    14:53   0:00   0:31 
Jeff Taffe               0  0  0  -2  0   1  0  1  0  2  1/3    22:19   0:16   2:03 
Jordan Weal              0  2  2  -1  0   3  2  1  0  0  9/13   22:48   0:16   2:03 
Kris Fredheim            0  0  0   0  0   0  3  0  0  0  0/0     5:05   0:00   0:00 
Matt Ellis               2  0  2   2  0   2  1  0  1  1  0/0    13:13   0:00   0:00 
Mattias Tedenby          0  0  0   0  0   0  0  0  0  0  0/0     0:05   0:00   0:00 
Mitch Callahan           0  1  1  -2  0   1  2  0  1  0  1/1    19:34   0:52   0:00 
Philip Varone            0  0  0  -1  0   1  1  0  2  0  2/2    13:41   0:00   0:00 
Quinton Howden           0  1  1  -2  2   1  1  2  4  0  0/0    20:06   0:52   0:00 
Troy Rutkowski           0  0  0  -1  0   1  1  1  0  2  0/0    14:02   0:00   0:41 
Tyson Strachan           1  1  2  -3  0   4  3  3  3  2  0/0    27:52   1:01   0:47 

Players Stats for Rivermen

Player Name              G  A  P  +/- PIM S  H  SB GA TA FO     MP     PP MP  PK MP  
------------------------------------------------------------------------------------
Anton Belov              0  1  1   2  0   3  1  0  2  1  0/0    21:52   1:06   0:48 
Brian Gibbons            0  0  0   1  0   2  0  0  3  0  4/12   21:14   1:26   1:08 
Brian O'Neill            1  1  2   1  0   3  1  1  0  0  0/1    20:22   1:14   0:00 
Chris Brown              1  0  1   1  5   1  2  1  3  0  0/1    14:04   0:00   0:00 
Cody Goloubef            0  0  0   0  2   1  0  1  0  1  0/0    13:09   0:00   0:00 
Evan Rankin              0  1  1   1  4   2  0  0  0  0  0/0    15:42   0:00   0:00 
J.T. Brown               0  1  1   1  0   2  1  0  2  1  0/3    21:14   1:26   1:08 
Joakim Nordstrom         1  1  2   1  0   2  2  1  1  1  1/9    19:57   1:14   0:00 
Joe Piskula              0  0  0   1  0   1  0  2  0  0  0/0     7:30   0:00   0:00 
Joe Whitney              0  2  2   1  0   2  1  0  2  0  0/0    20:19   1:14   0:00 
Jon Matsumoto            0  0  0   0  0   1  1  0  1  0  2/2     7:35   0:00   0:00 
Lane Scheidl             0  0  0   1  0   2  0  0  0  2  0/0    11:30   0:00   0:00 
Maxime Fortunus          0  0  0   0  0   0  1  0  0  1  0/0    13:10   0:00   0:00 
Rob Davison              0  0  0   0  0   0  1  1  0  0  0/0    17:50   1:34   0:20 
Ryan Ellis               2  0  2   2  0   7  1  0  4  1  0/0    21:30   1:06   0:48 
Ryan Reaves              1  1  2   2  5   1  1  0  1  1  0/1    14:50   0:33   0:00 
Ryan Sproul              0  1  1   0  0   1  0  2  0  2  0/0    18:22   1:34   0:20 
Zack Phillips            0  1  1   0  0   2  1  0  1  2  4/9    18:38   0:53   0:00 

3 Stars

1 - Matt Ellis (SPR)
2 - Ryan Ellis (Peo)
3 - Joakim Nordstrom (Peo)

Power Play

Falcons - 3 on 3 Attempt(s) - 100.00%
Rivermen - 1 on 2 Attempt(s) - 50.00%

Penalty Kill

Falcons - 1 on 2 Attempt(s) - 50.00% - Score 0 goal in Penalty Kill
Rivermen - 0 on 3 Attempt(s) - 0.00% - Score 0 goal in Penalty Kill

Official

Referees : Unknown
Linesman : Unknown

Game Notes

Ryan Reaves beats up Chris Thorburn at 0:09 of 2nd period
Chris Brown and Brian Dumoulin fight to a draw at 8:32 of 2nd period

Finance

Level 1 -- Attendance: 1407 (70.35%) -- Ticket Income $39,396
Level 2 -- Attendance: 710 (71.00%) -- Ticket Income $7,100
Total Attendance: 2117 (70.57%)
Total Ticket Income: $46,496
Other Income: $22,783
Total Income: $69,279

Falcons

5 vs 5 Forward 
   Center                   Left Wing                Right Wing               Time % Phy DF OF 
 1 Jordan Weal              Jeff Taffe               Chris Thorburn           35     1   2  2  
 2 Austin Watson            Quinton Howden           Mitch Callahan           30     1   2  2  
 3 Jordan Weal              Jeff Hoggan              Matt Ellis               22     1   2  2  
 4 Cal O'Reilly             Philip Varone            Jeff Taffe               13     1   2  2  

5 vs 5 Defense 
   Defense                  Defense                                           Time % Phy DF OF 
 1 Tyson Strachan           Adam Pardy                                        35     1   2  2  
 2 Brian Dumoulin           Brian Connelly                                    30     1   2  2  
 3 Tyson Strachan           Brian Dumoulin                                    22     1   2  2  
 4 Adam Pardy               Tyson Strachan                                    13     1   2  2  

PowerPlay Forward 
   Center                   Left Wing                Right Wing               Time % Phy DF OF 
 1 Jordan Weal              Jeff Taffe               Chris Thorburn           60     1   2  2  
 2 Austin Watson            Quinton Howden           Mitch Callahan           40     1   2  2  

PowerPlay Defense
   Defense                  Defense                                           Time % Phy DF OF 
 1 Tyson Strachan           Adam Pardy                                        60     1   2  2  
 2 Brian Dumoulin           Brian Connelly                                    40     1   2  2  

Penalty Kill 4 Players Forward 
   Center                   Wing                     Time % Phy DF OF 
 1 Jordan Weal              Jeff Taffe               60     1   2  2  
 2 Chris Thorburn           Austin Watson            40     1   2  2  

Penalty Kill 4 Players Defense
   Defense                  Defense                  Time % Phy DF OF 
 1 Brian Dumoulin           Adam Pardy               60     1   2  2  
 2 Tyson Strachan           Brian Connelly           40     1   2  2  

Penalty Kill - 3 Players Forward 
   Forward                                           Time % Phy DF OF 
 1 Chris Thorburn                                    60     1   2  2  
 2 Jeff Taffe                                        40     1   2  2  

Penalty Kill - 3 Players Defense
   Defense                  Defense                  Time % Phy DF OF 
 1 Tyson Strachan           Adam Pardy               60     1   2  2  
 2 Brian Dumoulin           Brian Connelly           40     1   2  2  

4 vs 4 Forward 
   Center                   Wing                     Time % Phy DF OF 
 1 Cal O'Reilly             Jeff Taffe               60     1   2  2  
 2 Chris Thorburn           Austin Watson            40     1   2  2  

4 vs 4 Defense
   Defense                  Defense                  Time % Phy DF OF 
 1 Brian Dumoulin           Adam Pardy               60     1   2  2  
 2 Tyson Strachan           Brian Connelly           40     1   2  2  

Last Minutes Offensive
   Center                   Left Wing                Right Wing               Defense                  Defense                  
   Austin Watson            Jeff Taffe               Chris Thorburn           Tyson Strachan           Adam Pardy               

Last Minutes Defensive
   Center                   Left Wing                Right Wing               Defense                  Defense                  
   Austin Watson            Jeff Taffe               Chris Thorburn           Tyson Strachan           Adam Pardy               

Goaltenders
Starting : Troy Grosenick           
Backup : Farm Player77            

Extra Forwards
Normal : Jordan Weal, Cal O'Reilly, Jeff Hoggan - PP : Jordan Weal, Cal O'Reilly - PK : Jeff Hoggan
Extra Defensemen
Normal : Tyson Strachan, Brian Dumoulin, Adam Pardy - PP : Adam Pardy - PK : Brian Dumoulin, Adam Pardy
Penalty Shots
Jeff Hoggan, Jeff Taffe, Chris Thorburn, Austin Watson, Jordan Weal

Rivermen

5 vs 5 Forward 
   Center                   Left Wing                Right Wing               Time % Phy DF OF 
 1 Brian Gibbons            J.T. Brown               Ryan Reaves              35     1   2  2  
 2 Joakim Nordstrom         Joe Whitney              Brian O'Neill            30     1   2  2  
 3 Zack Phillips            Chris Brown              Evan Rankin              22     1   2  2  
 4 Jon Matsumoto            J.T. Brown               Brian Gibbons            13     1   2  2  

5 vs 5 Defense 
   Defense                  Defense                                           Time % Phy DF OF 
 1 Ryan Ellis               Anton Belov                                       35     1   2  2  
 2 Ryan Sproul              Rob Davison                                       30     1   2  2  
 3 Maxime Fortunus          Cody Goloubef                                     22     1   2  2  
 4 Joe Piskula              Lane Scheidl                                      13     1   2  2  

PowerPlay Forward 
   Center                   Left Wing                Right Wing               Time % Phy DF OF 
 1 Brian Gibbons            J.T. Brown               Ryan Reaves              60     1   2  2  
 2 Joakim Nordstrom         Joe Whitney              Brian O'Neill            40     1   2  2  

PowerPlay Defense
   Defense                  Defense                                           Time % Phy DF OF 
 1 Ryan Ellis               Anton Belov                                       60     1   2  2  
 2 Ryan Sproul              Rob Davison                                       40     1   2  2  

Penalty Kill 4 Players Forward 
   Center                   Wing                     Time % Phy DF OF 
 1 J.T. Brown               Brian Gibbons            60     1   2  2  
 2 Ryan Reaves              Joe Whitney              40     1   2  2  

Penalty Kill 4 Players Defense
   Defense                  Defense                  Time % Phy DF OF 
 1 Ryan Ellis               Anton Belov              60     1   2  2  
 2 Ryan Sproul              Rob Davison              40     1   2  2  

Penalty Kill - 3 Players Forward 
   Forward                                           Time % Phy DF OF 
 1 J.T. Brown                                        60     1   2  2  
 2 Brian Gibbons                                     40     1   2  2  

Penalty Kill - 3 Players Defense
   Defense                  Defense                  Time % Phy DF OF 
 1 Ryan Ellis               Anton Belov              60     1   2  2  
 2 Ryan Sproul              Rob Davison              40     1   2  2  

4 vs 4 Forward 
   Center                   Wing                     Time % Phy DF OF 
 1 J.T. Brown               Brian Gibbons            60     1   2  2  
 2 Ryan Reaves              Joe Whitney              40     1   2  2  

4 vs 4 Defense
   Defense                  Defense                  Time % Phy DF OF 
 1 Ryan Ellis               Anton Belov              60     1   2  2  
 2 Ryan Sproul              Rob Davison              40     1   2  2  

Last Minutes Offensive
   Center                   Left Wing                Right Wing               Defense                  Defense                  
   Brian Gibbons            J.T. Brown               Ryan Reaves              Ryan Ellis               Anton Belov              

Last Minutes Defensive
   Center                   Left Wing                Right Wing               Defense                  Defense                  
   Brian Gibbons            J.T. Brown               Ryan Reaves              Ryan Ellis               Anton Belov              

Goaltenders
Starting : Tyler Bunz               
Backup : Farm Player87            

Extra Forwards
Normal : Zack Phillips, Chris Brown, Lane Scheidl - PP : Zack Phillips, Chris Brown - PK : Lane Scheidl
Extra Defensemen
Normal : Maxime Fortunus, Cody Goloubef, Joe Piskula - PP : Maxime Fortunus - PK : Cody Goloubef, Joe Piskula
Penalty Shots
J.T. Brown, Brian Gibbons, Ryan Reaves, Joe Whitney, Joakim Nordstrom

% Time on Ice - Falcons

Lines # - Real PCT - Wanted PCT - Time Play
Normal Forward
1 - 24% - 35% - 13:22
2 - 35% - 30% - 19:15
3 - 24% - 22% - 13:08
4 - 17% - 13% - 9:37
Normal Defense
1 - 34% - 35% - 19:00
2 - 40% - 30% - 22:06
3 - 17% - 22% - 9:34
4 - 8% - 13% - 4:42
PP Forward
1 - 24% - 60% - 0:16
2 - 76% - 40% - 0:52
PP Defense
1 - 90% - 60% - 1:01
2 - 10% - 40% - 0:07
PK Forward
1 - 96% - 60% - 2:34
2 - 4% - 40% - 0:06
PK Defense
1 - 71% - 60% - 1:53
2 - 29% - 40% - 0:47
PK3 Forward
1 - 0% - 60%
2 - 0% - 40%
PK3 Defense
1 - 0% - 60%
2 - 0% - 40%
44 Forward
1 - 0% - 60%
2 - 0% - 40%
44 Defense
1 - 0% - 60%
2 - 0% - 40%
Last Minute Offensive  - 0:50
Last Minute Defensive  - 0:00
Total
Forward - 60:00
Defense - 60:00

% Time on Ice - Rivermen

Lines # - Real PCT - Wanted PCT - Time Play
Normal Forward
1 - 27% - 35% - 14:45
2 - 34% - 30% - 18:43
3 - 27% - 22% - 14:59
4 - 12% - 13% - 6:45
Normal Defense
1 - 34% - 35% - 18:53
2 - 29% - 30% - 15:56
3 - 23% - 22% - 12:53
4 - 14% - 13% - 7:30
PP Forward
1 - 54% - 60% - 1:26
2 - 46% - 40% - 1:14
PP Defense
1 - 41% - 60% - 1:06
2 - 59% - 40% - 1:34
PK Forward
1 - 100% - 60% - 1:08
2 - 0% - 40% - 0:00
PK Defense
1 - 71% - 60% - 0:48
2 - 29% - 40% - 0:20
PK3 Forward
1 - 0% - 60%
2 - 0% - 40%
PK3 Defense
1 - 0% - 60%
2 - 0% - 40%
44 Forward
1 - 0% - 60%
2 - 0% - 40%
44 Defense
1 - 0% - 60%
2 - 0% - 40%
Last Minute Offensive  - 0:00
Last Minute Defensive  - 1:00
Total
Forward - 60:00
Defense - 60:00

Play by Play

1st period


0:01 of 1st period - Jordan Weal wins face-off versus Brian Gibbons in neutral zone.
0:10 of 1st period - Snap shot by Ryan Ellis.
0:10 of 1st period - Deflect By Tyson Strachan.
0:10 of 1st period - Goal by Ryan Ellis - Falcons : 0 - Rivermen : 1.
0:11 of 1st period - Austin Watson wins face-off versus Joakim Nordstrom in neutral zone.
0:14 of 1st period - Wrist shot by Austin Watson.
0:14 of 1st period - Shot Blocked by Ryan Sproul.
0:36 of 1st period - Wrist shot by Austin Watson.
0:36 of 1st period - Shot Blocked by Ryan Sproul.
0:38 of 1st period - Wrist shot by Mitch Callahan.
0:38 of 1st period - Shot Blocked by Rob Davison.
0:40 of 1st period - Snap shot by Mitch Callahan.
0:40 of 1st period - Shot Misses the Net.
0:42 of 1st period - Snap shot by Quinton Howden.
0:42 of 1st period - Shot Blocked by Joakim Nordstrom.
0:44 of 1st period - Slapshot by Brian Connelly.
0:44 of 1st period - Stopped by Tyler Bunz with a rebound.
0:46 of 1st period - Snap shot by Quinton Howden.
0:46 of 1st period - Stopped by Tyler Bunz with a rebound.
1:17 of 1st period - Maxime Fortunus is hit by Matt Ellis and loses puck.
1:48 of 1st period - Snap shot by Cal O'Reilly.
1:48 of 1st period - Shot Misses the Net.
2:19 of 1st period - Tyson Strachan is hit by J.T. Brown and loses puck.
2:32 of 1st period - Slapshot by Joakim Nordstrom.
2:32 of 1st period - Shot Hit the Post.
2:34 of 1st period - Slapshot by Lane Scheidl.
2:34 of 1st period - Shot Misses the Net.
2:36 of 1st period - Slapshot by Joe Piskula.
2:36 of 1st period - Shot Blocked by Tyson Strachan.
2:38 of 1st period - Slapshot by Joakim Nordstrom.
2:38 of 1st period - Shot Misses the Net.
2:40 of 1st period - Slapshot by Joe Piskula.
2:40 of 1st period - Stopped by Troy Grosenick with a rebound.
2:42 of 1st period - Slapshot by Lane Scheidl.
2:42 of 1st period - Stopped by Troy Grosenick with a rebound.
3:49 of 1st period - Joe Whitney is hit by Tyson Strachan and loses puck.
6:01 of 1st period - Troy Rutkowski is hit by Ryan Ellis and loses puck.
6:12 of 1st period - Joakim Nordstrom is hit by Kris Fredheim and loses puck.
6:47 of 1st period - Adam Pardy is hit by Maxime Fortunus and loses puck.
7:04 of 1st period - Slapshot by Zack Phillips.
7:04 of 1st period - Shot Misses the Net.
7:06 of 1st period - Snap shot by Evan Rankin.
7:06 of 1st period - Stopped by Troy Grosenick with a rebound.
7:08 of 1st period - Snap shot by Chris Brown.
7:08 of 1st period - Goal by Chris Brown - Falcons : 0 - Rivermen : 2.
7:09 of 1st period - Jeff Hoggan wins face-off versus Joakim Nordstrom in neutral zone.
7:28 of 1st period - Slapshot by Ryan Ellis.
7:28 of 1st period - Stopped by Troy Grosenick with a rebound.
7:38 of 1st period - Slapshot by Ryan Ellis.
7:38 of 1st period - Shot Misses the Net.
7:40 of 1st period - Slapshot by Ryan Ellis.
7:40 of 1st period - Shot Blocked by Brian Dumoulin.
7:42 of 1st period - Snap shot by Anton Belov.
7:42 of 1st period - Shot Misses the Net.
8:02 of 1st period - J.T. Brown is hit by Austin Watson.
8:22 of 1st period - Ryan Sproul is hit by Jordan Weal and loses puck.
8:51 of 1st period - Snap shot by Austin Watson.
8:51 of 1st period - Stopped by Tyler Bunz with a rebound.
8:53 of 1st period - Slapshot by Brian Connelly.
8:53 of 1st period - Stopped by Tyler Bunz with a rebound.
8:55 of 1st period - Snap shot by Troy Rutkowski.
8:55 of 1st period - Deflect By Ryan Sproul.
8:55 of 1st period - Stopped by Tyler Bunz without a rebound.
8:56 of 1st period - Mitch Callahan wins face-off versus Joakim Nordstrom in Rivermen zone.
8:57 of 1st period - Backhand shot by Quinton Howden.
8:57 of 1st period - Shot Misses the Net.
9:59 of 1st period - Mitch Callahan is hit by Brian O'Neill and loses puck.
10:08 of 1st period - Joe Whitney is hit by Quinton Howden and loses puck.
10:29 of 1st period - Snap shot by Jordan Weal.
10:29 of 1st period - Shot Misses the Net.
11:11 of 1st period - Backhand shot by Philip Varone.
11:11 of 1st period - Stopped by Tyler Bunz with a rebound.
12:08 of 1st period - Joakim Nordstrom is hit by Kris Fredheim and loses puck.
14:14 of 1st period - Jeff Taffe is hit by Chris Brown and loses puck.
14:37 of 1st period - Brian Dumoulin is hit by Jon Matsumoto and loses puck.
15:33 of 1st period - Wrist shot by Ryan Ellis.
15:33 of 1st period - Stopped by Troy Grosenick without a rebound.
15:34 of 1st period - Jordan Weal wins face-off versus Zack Phillips in Falcons zone.
15:52 of 1st period - Off-side.
15:53 of 1st period - Jon Matsumoto wins face-off versus Jeff Taffe in neutral zone.
16:03 of 1st period - Anton Belov is hit by Philip Varone and loses puck.
17:10 of 1st period - Ryan Sproul is hit by Adam Pardy.
17:28 of 1st period - Brian Connelly is hit by Ryan Reaves and loses puck.
17:37 of 1st period - Wrist shot by Brian Gibbons.
17:37 of 1st period - Stopped by Troy Grosenick with a rebound.
17:39 of 1st period - Snap shot by Cody Goloubef.
17:39 of 1st period - Shot Misses the Net.
17:41 of 1st period - Slapshot by Maxime Fortunus.
17:41 of 1st period - Shot Blocked by Quinton Howden.
Goals for this period are 0 for Falcons vs 2 for Rivermen.
Shots for this period are 6 for Falcons vs 8 for Rivermen.

2nd period


0:01 of 2nd period - Jordan Weal wins face-off versus Brian Gibbons in neutral zone.
0:06 of 2nd period - Slapshot by Jordan Weal.
0:06 of 2nd period - Stopped by Tyler Bunz with a rebound.
0:09 of 2nd period - Ryan Reaves beats up Chris Thorburn.
0:09 of 2nd period - Penalty to Ryan Reaves for Fighting.
0:09 of 2nd period - Penalty to Chris Thorburn for Fighting.
0:10 of 2nd period - Cal O'Reilly wins face-off versus Brian Gibbons in Rivermen zone.
0:38 of 2nd period - Wrist shot by Brian Gibbons.
0:38 of 2nd period - Shot Misses the Net.
0:40 of 2nd period - Slapshot by Anton Belov.
0:40 of 2nd period - Shot Misses the Net.
0:42 of 2nd period - Snap shot by Zack Phillips.
0:42 of 2nd period - Shot Blocked by Tyson Strachan.
1:17 of 2nd period - Minor Penalty to Adam Pardy for High sticking.
1:18 of 2nd period - Jordan Weal wins face-off versus Brian Gibbons in Falcons zone.
1:58 of 2nd period - Wrist shot by Brian O'Neill.
1:58 of 2nd period - Goal by Brian O'Neill - Falcons : 0 - Rivermen : 3.
1:59 of 2nd period - Austin Watson wins face-off versus Joakim Nordstrom in neutral zone.
2:07 of 2nd period - Icing by Anton Belov.
2:08 of 2nd period - Austin Watson wins face-off versus Joakim Nordstrom in Rivermen zone.
2:11 of 2nd period - Wrist shot by Quinton Howden.
2:11 of 2nd period - Shot Misses the Net.
2:57 of 2nd period - Wrist shot by Matt Ellis.
2:57 of 2nd period - Goal by Matt Ellis - Falcons : 1 - Rivermen : 3.
2:58 of 2nd period - Brian Gibbons wins face-off versus Jordan Weal in neutral zone.
3:00 of 2nd period - Ryan Sproul is hit by Brian Dumoulin and loses puck.
3:28 of 2nd period - Snap shot by Brian Gibbons.
3:28 of 2nd period - Stopped by Troy Grosenick with a rebound.
3:52 of 2nd period - Joe Whitney is hit by Mitch Callahan and loses puck.
4:08 of 2nd period - Minor Penalty to Quinton Howden for Tripping.
4:09 of 2nd period - Jordan Weal wins face-off versus Brian Gibbons in Falcons zone.
4:32 of 2nd period - Wrist shot by Ryan Ellis.
4:32 of 2nd period - Stopped by Troy Grosenick with a rebound.
4:44 of 2nd period - Slapshot by Anton Belov.
4:44 of 2nd period - Shot Misses the Net.
5:09 of 2nd period - Penalty to Chris Thorburn is over, Chris Thorburn is back on ice.
5:15 of 2nd period - Slapshot by Tyson Strachan.
5:15 of 2nd period - Stopped by Tyler Bunz with a rebound.
5:50 of 2nd period - Brian O'Neill is hit by Tyson Strachan.
5:56 of 2nd period - Snap shot by Jordan Weal.
5:56 of 2nd period - Shot Misses the Net.
6:08 of 2nd period - Penalty to Quinton Howden is over, Quinton Howden is back on ice.
6:38 of 2nd period - Snap shot by Zack Phillips.
6:38 of 2nd period - Shot Misses the Net.
6:40 of 2nd period - Wrist shot by Zack Phillips.
6:40 of 2nd period - Stopped by Troy Grosenick without a rebound.
6:40 of 2nd period - Double Minor Penalty to Evan Rankin for Boarding.
6:41 of 2nd period - Austin Watson wins face-off versus J.T. Brown in Rivermen zone.
7:10 of 2nd period - Rob Davison is hit by Austin Watson and loses puck.
7:21 of 2nd period - Snap shot by Chris Thorburn.
7:21 of 2nd period - Shot Misses the Net.
7:23 of 2nd period - Wrist shot by Tyson Strachan.
7:23 of 2nd period - Goal by Tyson Strachan - Falcons : 2 - Rivermen : 3.
7:24 of 2nd period - Austin Watson wins face-off versus J.T. Brown in neutral zone.
7:41 of 2nd period - Wrist shot by Austin Watson.
7:41 of 2nd period - Goal by Austin Watson - Falcons : 3 - Rivermen : 3.
7:42 of 2nd period - Joakim Nordstrom wins face-off versus Jordan Weal in neutral zone.
8:05 of 2nd period - Joakim Nordstrom is hit by Tyson Strachan and loses puck.
8:32 of 2nd period - Chris Brown and Brian Dumoulin fight to a draw.
8:32 of 2nd period - Penalty to Chris Brown for Fighting.
8:32 of 2nd period - Penalty to Brian Dumoulin for Fighting.
8:33 of 2nd period - Zack Phillips wins face-off versus Austin Watson in Falcons zone.
8:47 of 2nd period - Icing by Mitch Callahan.
8:48 of 2nd period - Zack Phillips wins face-off versus Austin Watson in Falcons zone.
9:03 of 2nd period - Wrist shot by Austin Watson.
9:03 of 2nd period - Shot Misses the Net.
9:10 of 2nd period - Slapshot by Quinton Howden.
9:10 of 2nd period - Deflect By Austin Watson.
9:10 of 2nd period - Stopped by Tyler Bunz without a rebound.
9:11 of 2nd period - Jordan Weal wins face-off versus Brian Gibbons in Rivermen zone.
9:44 of 2nd period - Slapshot by J.T. Brown.
9:44 of 2nd period - Stopped by Troy Grosenick without a rebound.
9:45 of 2nd period - Austin Watson wins face-off versus Joakim Nordstrom in Falcons zone.
9:58 of 2nd period - Snap shot by Brian O'Neill.
9:58 of 2nd period - Shot Misses the Net.
10:00 of 2nd period - Slapshot by Anton Belov.
10:00 of 2nd period - Stopped by Troy Grosenick with a rebound.
10:02 of 2nd period - Slapshot by Ryan Ellis.
10:02 of 2nd period - Stopped by Troy Grosenick with a rebound.
10:04 of 2nd period - Snap shot by Joakim Nordstrom.
10:04 of 2nd period - Shot Blocked by Tyson Strachan.
10:12 of 2nd period - Wrist shot by Ryan Ellis.
10:12 of 2nd period - Shot Blocked by Quinton Howden.
10:14 of 2nd period - Snap shot by Joakim Nordstrom.
10:14 of 2nd period - Deflect By Brian O'Neill.
10:14 of 2nd period - Stopped by Troy Grosenick with a rebound.
10:16 of 2nd period - Slapshot by Ryan Ellis.
10:16 of 2nd period - Shot Misses the Net.
10:18 of 2nd period - Slapshot by Ryan Ellis.
10:18 of 2nd period - Deflect By Joe Whitney.
10:18 of 2nd period - Stopped by Troy Grosenick with a rebound.
10:20 of 2nd period - Wrist shot by Ryan Ellis.
10:20 of 2nd period - Goal by Ryan Ellis - Falcons : 3 - Rivermen : 4.
10:21 of 2nd period - Jordan Weal wins face-off versus Ryan Reaves in neutral zone.
10:26 of 2nd period - Snap shot by Jordan Weal.
10:26 of 2nd period - Shot Blocked by Cody Goloubef.
10:57 of 2nd period - Tyson Strachan is hit by Anton Belov and loses puck.
11:48 of 2nd period - Quinton Howden is hit by Joakim Nordstrom and loses puck.
12:11 of 2nd period - Snap shot by Jeff Hoggan.
12:11 of 2nd period - Shot Misses the Net.
12:13 of 2nd period - Wrist shot by Matt Ellis.
12:13 of 2nd period - Goal by Matt Ellis - Falcons : 4 - Rivermen : 4.
12:14 of 2nd period - Brian Gibbons wins face-off versus Cal O'Reilly in neutral zone.
12:20 of 2nd period - Minor Penalty to Cody Goloubef for Interference.
12:21 of 2nd period - Jordan Weal wins face-off versus J.T. Brown in Rivermen zone.
12:25 of 2nd period - Wrist shot by Jordan Weal.
12:25 of 2nd period - Stopped by Tyler Bunz with a rebound.
12:27 of 2nd period - Snap shot by Chris Thorburn.
12:27 of 2nd period - Goal by Chris Thorburn - Falcons : 5 - Rivermen : 4.
12:28 of 2nd period - Chris Thorburn wins face-off versus Brian Gibbons in neutral zone.
12:50 of 2nd period - Snap shot by Chris Thorburn.
12:50 of 2nd period - Shot Blocked by Joe Piskula.
12:52 of 2nd period - Slapshot by Adam Pardy.
12:52 of 2nd period - Shot Blocked by Joe Piskula.
12:54 of 2nd period - Slapshot by Jordan Weal.
12:54 of 2nd period - Deflect By Jeff Taffe.
12:54 of 2nd period - Stopped by Tyler Bunz without a rebound.
12:55 of 2nd period - Austin Watson wins face-off versus Brian O'Neill in Rivermen zone.
13:27 of 2nd period - Off-side.
13:28 of 2nd period - Jeff Taffe wins face-off versus Brian Gibbons in neutral zone.
13:33 of 2nd period - Snap shot by Jordan Weal.
13:33 of 2nd period - Stopped by Tyler Bunz without a rebound.
13:34 of 2nd period - Brian Gibbons wins face-off versus Jordan Weal in Rivermen zone.
14:11 of 2nd period - Slapshot by Ryan Reaves.
14:11 of 2nd period - Shot Misses the Net.
15:32 of 2nd period - Joe Whitney is hit by Jeff Hoggan and loses puck.
15:39 of 2nd period - Slapshot by Maxime Fortunus.
15:39 of 2nd period - Shot Misses the Net.
16:01 of 2nd period - J.T. Brown is hit by Jeff Hoggan and loses puck.
16:33 of 2nd period - Brian Dumoulin is hit by Chris Brown and loses puck.
16:56 of 2nd period - Snap shot by Cal O'Reilly.
16:56 of 2nd period - Shot Blocked by Brian O'Neill.
17:38 of 2nd period - Brian Dumoulin is hit by Joe Whitney and loses puck.
18:05 of 2nd period - Wrist shot by Jon Matsumoto.
18:05 of 2nd period - Deflect By J.T. Brown.
18:05 of 2nd period - Stopped by Troy Grosenick with a rebound.
18:11 of 2nd period - Maxime Fortunus is hit by Cal O'Reilly and loses puck.
18:57 of 2nd period - Slapshot by Ryan Ellis.
18:57 of 2nd period - Shot Blocked by Troy Rutkowski.
19:35 of 2nd period - Joakim Nordstrom is hit by Troy Rutkowski and loses puck.
19:42 of 2nd period - Slapshot by Chris Thorburn.
19:42 of 2nd period - Deflect By Philip Varone.
19:42 of 2nd period - Shot Misses the Net.
19:42 of 2nd period - Puck is out of play.
19:43 of 2nd period - Philip Varone wins face-off versus Chris Brown in Rivermen zone.
19:48 of 2nd period - Snap shot by Philip Varone.
19:48 of 2nd period - Shot Misses the Net.
Goals for this period are 5 for Falcons vs 2 for Rivermen.
Shots for this period are 11 for Falcons vs 11 for Rivermen.

3rd period


0:01 of 3rd period - Brian Gibbons wins face-off versus Jordan Weal in neutral zone.
0:51 of 3rd period - Jeff Taffe is hit by Joakim Nordstrom and loses puck.
1:16 of 3rd period - Snap shot by Tyson Strachan.
1:16 of 3rd period - Stopped by Tyler Bunz with a rebound.
1:18 of 3rd period - Snap shot by Quinton Howden.
1:18 of 3rd period - Shot Misses the Net.
1:20 of 3rd period - Snap shot by Mitch Callahan.
1:20 of 3rd period - Stopped by Tyler Bunz with a rebound.
1:51 of 3rd period - Icing by Mitch Callahan.
1:52 of 3rd period - Jordan Weal wins face-off versus Zack Phillips in Falcons zone.
4:05 of 3rd period - Snap shot by Joe Whitney.
4:05 of 3rd period - Shot Blocked by Jeff Hoggan.
5:16 of 3rd period - Wrist shot by Jeff Hoggan.
5:16 of 3rd period - Stopped by Tyler Bunz with a rebound.
5:43 of 3rd period - Slapshot by Ryan Ellis.
5:43 of 3rd period - Stopped by Troy Grosenick with a rebound.
6:01 of 3rd period - Slapshot by Ryan Ellis.
6:01 of 3rd period - Deflect By Joe Whitney.
6:01 of 3rd period - Stopped by Troy Grosenick with a rebound.
6:21 of 3rd period - Jeff Hoggan is hit by Zack Phillips and loses puck.
6:26 of 3rd period - Wrist shot by Chris Brown.
6:26 of 3rd period - Deflect By Evan Rankin.
6:26 of 3rd period - Stopped by Troy Grosenick without a rebound.
6:27 of 3rd period - Jeff Hoggan wins face-off versus Zack Phillips in Falcons zone.
8:57 of 3rd period - Slapshot by Anton Belov.
8:57 of 3rd period - Shot Blocked by Brian Dumoulin.
9:07 of 3rd period - Slapshot by Anton Belov.
9:07 of 3rd period - Stopped by Troy Grosenick with a rebound.
9:09 of 3rd period - Snap shot by J.T. Brown.
9:09 of 3rd period - Shot Misses the Net.
9:11 of 3rd period - Slapshot by Anton Belov.
9:11 of 3rd period - Stopped by Troy Grosenick with a rebound.
9:13 of 3rd period - Wrist shot by Ryan Reaves.
9:13 of 3rd period - Goal by Ryan Reaves - Falcons : 5 - Rivermen : 5.
9:14 of 3rd period - Zack Phillips wins face-off versus Cal O'Reilly in neutral zone.
10:17 of 3rd period - Anton Belov is hit by Kris Fredheim and loses puck.
10:24 of 3rd period - Slapshot by Ryan Ellis.
10:24 of 3rd period - Shot Misses the Net.
11:34 of 3rd period - Icing by Chris Brown.
11:35 of 3rd period - Cal O'Reilly wins face-off versus Zack Phillips in Rivermen zone.
11:42 of 3rd period - Wrist shot by Chris Thorburn.
11:42 of 3rd period - Shot Misses the Net.
11:44 of 3rd period - Snap shot by Brian Dumoulin.
11:44 of 3rd period - Stopped by Tyler Bunz with a rebound.
12:01 of 3rd period - Slapshot by Troy Rutkowski.
12:01 of 3rd period - Shot Misses the Net.
12:03 of 3rd period - Slapshot by Tyson Strachan.
12:03 of 3rd period - Stopped by Tyler Bunz with a rebound.
12:19 of 3rd period - Slapshot by Joakim Nordstrom.
12:19 of 3rd period - Stopped by Troy Grosenick with a rebound.
12:21 of 3rd period - Snap shot by Ryan Sproul.
12:21 of 3rd period - Stopped by Troy Grosenick with a rebound.
12:23 of 3rd period - Wrist shot by Joakim Nordstrom.
12:23 of 3rd period - Goal by Joakim Nordstrom - Falcons : 5 - Rivermen : 6.
12:24 of 3rd period - Philip Varone wins face-off versus Joakim Nordstrom in neutral zone.
13:50 of 3rd period - Anton Belov is hit by Jordan Weal and loses puck.
14:02 of 3rd period - Icing by Brian Dumoulin.
14:03 of 3rd period - Austin Watson wins face-off versus Joakim Nordstrom in Falcons zone.
14:14 of 3rd period - Joakim Nordstrom is hit by Mitch Callahan and loses puck.
15:08 of 3rd period - Matt Ellis is hit by Rob Davison and loses puck.
15:27 of 3rd period - Evan Rankin is hit by Austin Watson and loses puck.
15:54 of 3rd period - Wrist shot by Brian Gibbons.
15:54 of 3rd period - Shot Misses the Net.
15:56 of 3rd period - Wrist shot by Lane Scheidl.
15:56 of 3rd period - Stopped by Troy Grosenick without a rebound.
15:57 of 3rd period - Jon Matsumoto wins face-off versus Jeff Taffe in Falcons zone.
16:01 of 3rd period - Wrist shot by Jon Matsumoto.
16:01 of 3rd period - Stopped by Troy Grosenick with a rebound.
16:13 of 3rd period - Wrist shot by Joakim Nordstrom.
16:13 of 3rd period - Shot Blocked by Jeff Taffe.
16:15 of 3rd period - Wrist shot by Joakim Nordstrom.
16:15 of 3rd period - Deflect By Brian O'Neill.
16:15 of 3rd period - Stopped by Troy Grosenick with a rebound.
16:17 of 3rd period - Snap shot by Cody Goloubef.
16:17 of 3rd period - Stopped by Troy Grosenick with a rebound.
16:19 of 3rd period - Slapshot by Joakim Nordstrom.
16:19 of 3rd period - Shot Blocked by Brian Dumoulin.
16:39 of 3rd period - Wrist shot by Chris Brown.
16:39 of 3rd period - Shot Misses the Net.
16:41 of 3rd period - Wrist shot by Chris Brown.
16:41 of 3rd period - Shot Blocked by Cal O'Reilly.
16:43 of 3rd period - Wrist shot by Zack Phillips.
16:43 of 3rd period - Stopped by Troy Grosenick without a rebound.
16:44 of 3rd period - Austin Watson wins face-off versus Zack Phillips in Falcons zone.
17:09 of 3rd period - Snap shot by Austin Watson.
17:09 of 3rd period - Shot Blocked by Chris Brown.
18:32 of 3rd period - Snap shot by Joe Whitney.
18:32 of 3rd period - Shot Blocked by Jordan Weal.
18:34 of 3rd period - Snap shot by Joe Whitney.
18:34 of 3rd period - Shot Misses the Net.
19:14 of 3rd period - Falcons, Troy Grosenick is pulled from the net.
19:16 of 3rd period - Snap shot by Austin Watson.
19:16 of 3rd period - Stopped by Tyler Bunz without a rebound.
19:17 of 3rd period - John Hynes call a timeout for Falcons.
19:17 of 3rd period - Zack Phillips wins face-off versus Austin Watson in Rivermen zone.
Goals for this period are 0 for Falcons vs 2 for Rivermen.
Shots for this period are 6 for Falcons vs 14 for Rivermen.


Output by the SimonT Hockey Simulator (STHS) for Eric Dolegowski -- Original Page W3C XHTML 1.0 Valid
Hockey Simulator - Hockey Simulation - Hockey Manager